 Seeded DCSS version 0.26-a0-1013-gf6ffb0d6bd (webtiles) character file.

Game seed: 20201207 (custom seed)

82737 runemasterragnar the Fighter (level 15, -14/136 HPs)
             Began as a Hill Orc Fighter on Dec 7, 2020.
             Was the Champion of Beogh.
             Killed from afar by a lindwurm (28 damage)
             ... with a blast of flame
             ... on level 6 of the Lair of Beasts.
             The game lasted 00:54:29 (31407 turns).

runemasterragnar the Fighter (Hill Orc Fighter)    Turns: 31407, Time: 00:54:29

Health: -14/136    AC: 17    Str: 24    XL:     15   Next: 74%
Magic:  24/24      EV: 15    Int: 10    God:    Beogh [******]
Gold:   1861       SH:  5    Dex: 12    Spells: 14/14 levels left

rFire    . . .     SeeInvis +   P - +2 battleaxe (vorpal)
rCold    . . .     Faith    .   (shield currently unavailable)
rNeg     . . .     Spirit   .   y - +2 scale mail {rPois}
rPois    +         Reflect  +   A - +0 helmet
rElec    +         Harm     .   (no cloak)
rCorr    .         Rampage  .   g - +0 pair of gloves (curse)
Will     ++...                  H - +1 pair of boots {Fly}
Stlth    ..........             L - amulet of reflection
HPRegen  0.32/turn              x - ring of willpower
MPRegen  0.19/turn              c - ring of see invisible

@: flying, studying Evocations
A: walk on water, agile 1, electricity resistance
a: Smiting, Recall Orcish Followers, Give Item to Named Follower, Resurrection,
Renounce Religion, Stop Flying


You were on level 6 of the Lair of Beasts.
You worshipped Beogh.
Beogh was exalted by your worship.
You visited 4 branches of the dungeon, and saw 23 of its levels.
You also visited: Bailey.

You collected 2923 gold pieces.
You spent 1062 gold pieces at shops.

Inventory:

Hand Weapons
 b - a +1 vampiric demon trident
 e - the +1 arbalest "Abru" {penet, Str+4}
   (You bought it in a shop on level 10 of the Dungeon)

   Ammo fired by it will pass through the targets it hits, potentially hitting
   all targets in its path until it reaches maximum range.
   It affects your strength (+4).
 I - a +5 spear of flaming
 P - a +2 vorpal battleaxe (weapon)
Missiles
 j - 24 javelins (quivered)
 t - 238 bolts
Armour
 g - a cursed +0 pair of gloves (worn)
 y - a +2 scale mail of poison resistance (worn)
 A - a +0 helmet (worn)
 F - the +2 scale mail "Efrenuos" {*Slow rElec rN+ Int+2}
   (You found it on level 6 of the Lair of Beasts)

   It affects your intelligence (+2).
   It insulates you from electricity.
   It protects you from negative energy.
   It may slow you when you take damage.
 H - a +1 pair of boots of flying (worn)
Jewellery
 c - a ring of see invisible (right hand)
 x - a ring of willpower (left hand)
 L - an amulet of reflection (around neck)
Wands
 q - a wand of random effects (12)
 r - a wand of polymorph (6)
 D - a wand of flame (14)
 E - a wand of iceblast (8)
 S - a wand of digging (5)
 T - a wand of disintegration (7)
Scrolls
 i - 4 scrolls of fear {unknown}
 l - a scroll of fog
 m - 10 scrolls of remove curse
 o - 6 scrolls of immolation
 p - 6 scrolls of teleportation
 s - 3 scrolls of enchant armour
 v - 3 scrolls of enchant weapon
 z - a scroll of noise
 G - 8 scrolls of identify
 J - 3 scrolls of brand weapon
 M - a scroll of vulnerability
 V - 8 scrolls of amnesia
Potions
 d - 2 potions of might
 f - 2 potions of brilliance
 k - a potion of ambrosia
 n - 3 potions of haste
 u - a potion of attraction
 w - a potion of lignification
 B - a potion of flight {unknown}
 C - a potion of magic
 K - 4 potions of curing
 O - 2 potions of invisibility
Books
 N - a manual of Evocations
Miscellaneous
 a - a lightning rod (2/4)
 Q - a tin of tremorstones (1/2)


   Skills:
 + Level 13.4 Fighting
 - Level 11.6(13.4) Axes
 + Level 9.8(11.5) Polearms
 + Level 7.4 Crossbows
 + Level 12.5 Armour
 + Level 9.2 Dodging
 - Level 4.2 Shields
 + Level 12.8 Invocations
 + Level 11.8 Evocations


You had 14 spell levels left.
You didn't know any spells.
Your spell library contained the following spells:

 Spells                   Type           Power        Failure   Level
 Beastly Appendage        Tmut           #.....       58%         1
 Foxfire                  Conj/Fire      #...         58%         1
 Freeze                   Ice            #...         58%         1
 Magic Dart               Conj           #...         58%         1
 Sting                    Tmut/Pois      #...         58%         1
 Blink                    Tloc           N/A          75%         2
 Call Imp                 Summ           #.......     75%         2
 Poisonous Vapours        Pois/Air       #.....       75%         2
 Slow                     Hex            #.......     75%         2
 Confusing Touch          Hex            #.......     92%         3
 Conjure Flame            Conj/Fire      #.......     92%         3
 Frozen Ramparts          Ice            #.....       92%         3
 Gell's Gravitas          Tloc           #.........   92%         3
 Ignite Poison            Fire/Tmut/Pois #.......     92%         3
 Inner Flame              Hex/Fire       #.......     92%         3
 Mephitic Cloud           Conj/Pois/Air  #.......     92%         3
 Ozocubu's Armour         Ice            #.......     92%         3
 Spider Form              Tmut/Pois      #.........   92%         3
 Tukima's Dance           Hex            #.......     92%         3
 Cause Fear               Hex            #.........   100%        4
 Hailstorm                Conj/Ice       #.......     100%        4
 Olgreb's Toxic Radiance  Pois           #.......     100%        4
 Petrify                  Tmut/Erth      #.......     100%        4
 Sticky Flame             Conj/Fire      #.......     100%        4
 Summon Ice Beast         Ice/Summ       #.......     100%        4
 Alistair's Intoxication  Tmut/Pois      #........    100%        5
 Bolt of Magma            Conj/Fire/Erth #.........   100%        5
 Fireball                 Conj/Fire      #.........   100%        5
 Iskenderun's Battlesphe  Conj           #.......     100%        5
 Metabolic Englaciation   Hex/Ice        #.........   100%        5
 Silence                  Hex/Air        #.........   100%        5
 Yara's Violent Unravell  Hex/Tmut       #.........   100%        5
 Iron Shot                Conj/Erth      #.........   100%        6
 Orb of Destruction       Conj           #.........   100%        7
 Spellforged Servitor     Conj/Summ      #.........   100%        7
 Discord                  Hex            #.........   100%        8


Dungeon Overview and Level Annotations

Branches:
Dungeon (15/15)            Temple (1/1) D:5            Lair (4/6) D:8
  Swamp (0/4) Lair:3        Snake (0/4) Lair:4          Orc (2/2) D:11
    Elf (0/3) Orc:2        Vaults (0/5) D:14         Depths (0/5) D:15
 Bailey (visited)

Altars:
Ashenzari
Cheibriados
Dithmenos
Elyvilon
Fedhas
Gozag
Hepliaklqana
Kikubaaqudgha
Makhleb
Nemelex Xobeh
Okawaru
Qazlal
Ru
Sif Muna
Trog
Uskayaw
Vehumet
Wu Jian
Xom
Yredelemnul
Zin
The Shining One
Beogh

Shops:
D:6 *   D:10 ?=!(   Orc:2 }}!*

Annotations:
Lair:6 Rupert


Innate Abilities, Weirdness & Mutations

You can walk on water.
You are agile. (Dex +2)
You are resistant to electric shocks. (rElec)


Message History

* * * LOW HITPOINT WARNING * * *
The catoblepas misses you.
The lindwurm bites you but does no damage.
The lindwurm claws you.
* * * LOW HITPOINT WARNING * * *
The lindwurm claws you but does no damage.
Unknown command.
Unknown command.
Okay, then.
Okay, then.
Press: ? - help, v - describe, . - travel
Here: a catoblepas The floor.
Press: ? - help, v - describe, . - travel
Here: a lindwurm The floor.
You feel better. The black mamba closely misses you. The catoblepas misses you.
The lindwurm breathes flames at you. The blast of flame hits you!!
You die...

#.S.......#
YY#.#...##
Y##.....#
.......##
.......#
.......#
.......#
#####
.#.....#
#Y..#
.#.(...#
#S@.#
###..##
#k......#
#..#
###.#..##
##.# .. P#
#.# ... #
#.# ...#
#.# ...#
#.# .###
#.#


You could see a catoblepas, a lindwurm (catching breath) and a black mamba.

Vanquished Creatures
  11 hydras
  2 boulder beetles
  Harold (Lair:2)
  A centaur warrior (D:15)
  A death knight (D:12)
  5 two-headed ogres
  Urug (Lair:6)
  2 tengu warriors
  3 orc high priests
  Sonja (D:13)
  4 unseen horrors
  A skeletal warrior (D:12)
  3 orc knights
  A wizard (D:15)
  A harpy (shapeshifter) (D:14)
  3 ugly things
  2 orc sorcerers
  4 manticores
  Maurice (D:8)
  3 black mambas
  3 centaur zombies
  4 cane toads
  A gargoyle (D:13)
  An efreet (D:14)
  15 rime drakes
  A komodo dragon (Lair:2)
  A meliai (D:9)
  3 trolls
  A tengu conjurer (D:14)
  3 hornets
  6 polar bears
  2 raiju (Lair:6)
  15 blink frogs
  A dream sheep (Lair:6)
  11 slime creatures
  A centaur simulacrum (D:13)
  Sigmund (D:5)
  A shadow (D:13)
  6 wraiths
  47 yaks
  A wyvern (D:13)
  A vampire (D:15)
  4 basilisks
  7 steam dragons (Lair:2)
  7 hell hounds (Lair:6)
  4 wargs
  3 soldier ants (Lair:3)
  Duvessa (D:7)
  A sky beast (D:13)
  10 water moccasins
  A floating eye (shapeshifter) (D:14)
  4 ice beasts
  18 orc warriors
  14 black bears
  2 eyes of draining
  2 necrophages
  17 wolves
  2 boggarts (D:14)
  7 centaurs
  9 ogres
  2 phantoms (D:12)
  3 big kobolds (D:9)
  16 bullfrogs
  A wyvern zombie (D:8)
  A gnoll sergeant (D:7)
  Dowan (D:7)
  3 wyvern skeletons
  4 scorpions
  3 wights
  5 killer bees
  2 howler monkeys
  5 electric eels (Bailey)
  A bullfrog zombie (D:11)
  8 hounds
  A quasit (D:11)
  2 jellies
  4 bullfrog skeletons
  5 orc priests
  8 centaur skeletons
  11 orc wizards
  8 iguanas
  6 hell rats (Lair:6)
  20 worker ants
  3 hound skeletons
  8 gnolls
  11 adders
  A shadow imp (D:9)
  6 white imps
  2 ufetubi
  3 worms
  3 dart slugs
  6 leopard geckos
  29 orcs
  4 ball pythons
  5 giant cockroaches
  8 hobgoblins
  18 jackals
  15 kobolds
  7 quokkas
  A ball python skeleton (D:4)
  6 bats
  3 frilled lizards
  16 goblins
  A quokka zombie (D:5)
  10 rats
  A butterfly (Lair:3)
577 creatures vanquished.

Vanquished Creatures (collateral kills)
  A stone giant (Orc:1)
  A yaktaur captain (D:15)
  Josephine (D:11)
  A boulder beetle (D:12)
  A hydra (D:12)
  2 two-headed ogres
  A centaur warrior (D:15)
  A queen ant (Lair:3)
  2 orc high priests (Orc:2)
  A deep troll (shapeshifter) (D:14)
  A phantasmal warrior (D:12)
  2 orc knights
  2 orc sorcerers (Orc:2)
  3 deep elf magi (D:15)
  2 ugly things (D:15)
  A manticore (Lair:6)
  A molten gargoyle (Lair:4)
  2 centaur skeletons (D:15)
  A centaur zombie (D:15)
  Psyche (D:10)
  A cane toad (Lair:6)
  A yaktaur (D:15)
  3 komodo dragons
  7 polar bears
  2 trolls
  A tyrant leech (Lair:3)
  2 slime creatures (D:13)
  A wandering mushroom (Lair:3)
  2 wraiths (D:11)
  2 yaks (Lair:1)
  2 wyverns
  3 wargs (Lair:6)
  2 swamp worms (Lair:3)
  5 soldier ants (Lair:3)
  5 hell hounds (Lair:6)
  A water moccasin (Lair:4)
  16 orc warriors
  2 black bears (Lair:6)
  4 ogres
  10 wolves
  A boggart (D:14)
  A centaur (D:11)
  2 bullfrogs
  A scorpion (D:10)
  A quasit (D:12)
  A hound (D:13)
  5 orc priests
  4 orc wizards (Orc:2)
  10 worker ants (Lair:3)
  A hound skeleton (D:10)
  5 gnolls
  18 orcs
  4 goblins (Bailey)
  5 hobgoblins (Bailey)
  A butterfly (Lair:3)
160 creatures vanquished.

Vanquished Creatures (others)
  4 orc knights
  An orc high priest (Orc:2)
  A sea snake (shapeshifter) (D:13)
  16 orc warriors
  15 orc priests
  A troll (Orc:2)
  A warg (Orc:2)
  A hell hound (Lair:6)
  A boggart (D:14)
  7 orc wizards
  59 orcs
  A shadow imp (D:5)
  48 fungi
  68 plants
224 creatures vanquished.

Grand Total: 961 creatures vanquished

Notes
Turn   | Place    | Note
-------+----------+-------------------------------------------
     0 | D:1      | runemasterragnar the Hill Orc Fighter began the quest for
                  | the Orb.
     0 | D:1      | Reached XP level 1. HP: 19/19 MP: 1/1
    44 | D:1      | Reached XP level 2. HP: 27/27 MP: 2/2
   102 | D:1      | Found a sparkling altar of Nemelex Xobeh.
   383 | D:1      | Reached XP level 3. HP: 33/33 MP: 3/3
   402 | D:1      | Reached skill level 4 in Fighting
  1019 | D:2      | Noticed an ogre
  1036 | D:2      | Killed an ogre
  1037 | D:2      | Reached XP level 4. HP: 5/41 MP: 0/4
  1037 | D:2      | Reached XP level 5. HP: 5/47 MP: 0/5
  1604 | D:3      | Reached skill level 5 in Axes
  2165 | D:3      | Reached XP level 6. HP: 22/53 MP: 3/6
  2391 | D:4      | Found a white marble altar of Elyvilon.
  2661 | D:4      | Reached skill level 5 in Fighting
  2661 | D:4      | Reached skill level 1 in Dodging
  2663 | D:4      | Reached XP level 7. HP: 16/61 MP: 2/7
  3426 | D:5      | Entered Level 5 of the Dungeon
  3426 | D:5      | Found a staircase to the Ecumenical Temple.
  3450 | Temple   | Entered the Ecumenical Temple
  3642 | D:5      | Found a transporter.
  3659 | D:5      | Reached skill level 5 in Armour
  3665 | D:5      | Found a transporter.
  3670 | D:5      | Noticed Sigmund
  3687 | D:5      | Killed Sigmund
  3688 | D:5      | Reached XP level 8. HP: 46/70 MP: 3/8
  4134 | D:5      | Reached skill level 6 in Fighting
  4435 | D:5      | Became a worshipper of Beogh the Brigand
  4983 | D:6      | Found a bloodstained altar of Trog.
  5147 | D:6      | Found Viuledd's Assorted Antiques.
  5163 | D:6      | Bought a pair of glowing boots for 195 gold pieces
  5386 | D:7      | Noticed Duvessa
  5413 | D:7      | Killed Duvessa
  5414 | D:7      | Reached skill level 7 in Fighting
  5414 | D:7      | Reached XP level 9. HP: 41/78 MP: 9/9
  5424 | D:7      | Noticed Dowan
  5431 | D:7      | Killed Dowan
  5665 | D:7      | Reached * piety under Beogh
  5702 | D:7      | Reached skill level 1 in Polearms
  6436 | D:8      | Found an iron altar of Okawaru.
  6555 | D:8      | Noticed a two-headed ogre
  6578 | D:9      | Reached skill level 1 in Invocations
  6608 | D:9      | Found a snail-covered altar of Cheibriados.
  6608 | D:9      | Found a shimmering blue altar of Sif Muna.
  6836 | D:9      | Found an opulent altar of Gozag.
  6951 | D:9      | Reached ** piety under Beogh
  7350 | D:9      | Identified Walonw Iqur's Catalogue of Mutagenic Calling
  7450 | D:9      | Reached skill level 8 in Fighting
  7460 | D:9      | Noticed a hornet
  7469 | D:9      | Killed a hornet
  7469 | D:9      | Noticed a hornet
  7470 | D:9      | Reached XP level 10. HP: 67/87 MP: 13/13
  8302 | D:9      | Reached skill level 5 in Invocations
  8666 | D:8      | Reached skill level 1 in Evocations
  8675 | D:8      | Reached skill level 5 in Dodging
  8723 | D:8      | Reached skill level 5 in Polearms
  8875 | D:8      | Noticed Maurice
  8887 | D:8      | Killed Maurice
  8888 | D:8      | Reached skill level 9 in Fighting
  8925 | D:8      | Found a bloodstained altar of Trog.
  8953 | D:8      | Reached *** piety under Beogh
  9443 | D:8      | Found a hazy altar of Hepliaklqana.
  9555 | D:8      | Found a staircase to the Lair.
  9592 | D:8      | Killed a two-headed ogre
  9593 | D:8      | Reached XP level 11. HP: 64/95 MP: 15/15
  9806 | D:8      | Found a bloodstained altar of Trog.
  9806 | D:8      | Found a stormy altar of Qazlal.
  9872 | D:10     | Entered Level 10 of the Dungeon
  9886 | D:10     | Noticed a two-headed ogre
  9897 | D:10     | Killed a two-headed ogre
  9897 | D:10     | Gained Syrus as an ally
  9907 | D:10     | Found a flagged portal.
  9918 | Bailey   | Entered a bailey
 10705 | Bailey   | Acquired 234 gold pieces
 10718 | Bailey   | Noticed an orc high priest
 10718 | Bailey   | Noticed an orc high priest
 10721 | Bailey   | Noticed an orc knight
 10724 | Bailey   | Found an iron altar of Okawaru.
 10731 | Bailey   | Noticed a sun demon
 10732 | Bailey   | Killed an orc high priest
 10735 | Bailey   | Killed an orc high priest
 11797 | Bailey   | Killed an orc knight
 11798 | Bailey   | Reached skill level 10 in Fighting
 12152 | Bailey   | Got a jewelled ring mail
 12163 | Bailey   | Got a twisted quarterstaff
 12174 | Bailey   | Identified the cursed +0 ring mail "Jaor Wuwno" {rCorr
                  | Dex+3} (You found it in a bailey)
 12562 | D:10     | Noticed Psyche
 12578 | D:10     | Killed Psyche
 12579 | D:10     | Reached skill level 10 in Axes
 12698 | D:10     | Gained mutation: You are agile. (Dex +2) [potion of
                  | mutation]
 12698 | D:10     | Lost mutation: You are agile. (Dex +2) [potion of mutation]
 12698 | D:10     | Gained mutation: You are resistant to electric shocks.
                  | (rElec) [potion of mutation]
 12698 | D:10     | Gained mutation: You are agile. (Dex +2) [potion of
                  | mutation]
 12787 | D:10     | Found Ipnon's Jewellery Shoppe.
 12789 | D:10     | Found Texoimiu's Antique Weapon Shoppe.
 12789 | D:10     | Found Luchyneu's Magic Scroll Shoppe.
 12792 | D:10     | Found Hoptuo Kehee's Distillery.
 12795 | D:10     | Bought an uncursed ring of see invisible for 180 gold
                  | pieces
 12817 | D:10     | Bought a brightly glowing arbalest for 237 gold pieces
 12817 | D:10     | Identified the +1 arbalest "Abru" {penet, Str+4} (You
                  | bought it in a shop on level 10 of the Dungeon)
 13201 | D:11     | Noticed a two-headed ogre
 13211 | D:11     | Killed a two-headed ogre
 13304 | D:11     | Noticed Josephine
 13313 | D:11     | Killed Josephine
 13314 | D:11     | Reached skill level 1 in Crossbows
 13316 | D:11     | Noticed a cyan ugly thing
 13322 | D:11     | Your ally Syrus died
 13329 | D:11     | Killed a cyan ugly thing
 13715 | D:11     | Noticed an unseen horror
 13724 | D:11     | Killed an unseen horror
 13743 | D:11     | Noticed a cyan ugly thing
 13746 | D:11     | Reached XP level 12. HP: 84/105 MP: 18/18
 13839 | D:11     | Found a glowing golden altar of the Shining One.
 13985 | D:11     | Noticed a six-headed hydra
 14004 | D:11     | Killed a seven-headed hydra
 14315 | D:11     | Noticed a two-headed ogre
 14335 | D:11     | Killed a two-headed ogre
 14336 | D:11     | Reached skill level 5 in Evocations
 14565 | D:11     | Acquired a manual of Evocations
 14584 | D:11     | Found a roughly hewn altar of Beogh.
 14876 | D:11     | Found a staircase to the Orcish Mines.
 14981 | D:12     | Noticed a two-headed ogre
 14990 | D:12     | Killed a two-headed ogre
 15204 | D:12     | Noticed a four-headed hydra
 15212 | D:12     | Killed a six-headed hydra
 15213 | D:12     | Reached skill level 10 in Armour
 15361 | D:12     | Noticed a death knight
 15380 | D:12     | Killed a death knight
 15628 | D:12     | Noticed an eight-headed hydra
 15631 | D:12     | Noticed a boulder beetle
 15652 | D:12     | Killed a boulder beetle
 15671 | D:12     | Killed an eight-headed hydra
 15672 | D:12     | Reached skill level 11 in Fighting
 16335 | D:12     | Noticed a boulder beetle
 16357 | D:12     | Killed a boulder beetle
 16558 | D:12     | Noticed a tengu warrior
 16569 | D:12     | Killed a tengu warrior
 16751 | D:12     | Noticed a two-headed ogre
 16762 | D:12     | Killed a two-headed ogre
 17003 | D:13     | Noticed an eight-headed hydra
 17130 | D:13     | Reached **** piety under Beogh
 17131 | D:13     | Reached XP level 13. HP: 99/114 MP: 20/20
 17629 | D:13     | Gained Horkud as an ally
 17670 | D:13     | Reached skill level 10 in Invocations
 17842 | D:13     | Noticed Sonja
 17865 | D:13     | Killed Sonja
 17876 | D:13     | Your ally Horkud died
 18856 | D:14     | Found a shadowy altar of Dithmenos.
 19033 | D:14     | Noticed a fire dragon
 19529 | D:14     | Reached skill level 5 in Crossbows
 19694 | D:14     | Found a gate to the Vaults.
 19702 | D:14     | Noticed a fire dragon
 19704 | D:14     | Noticed a spark wasp
 19704 | D:14     | a fire dragon changed into a spark wasp
 19707 | D:14     | a spark wasp changed into an eye of devastation
 19826 | D:15     | Entered Level 15 of the Dungeon
 19926 | D:15     | Reached ***** piety under Beogh
 19927 | D:15     | Reached skill level 12 in Fighting
 20108 | D:15     | Gained Oreg as an ally
 20183 | D:15     | Your ally Oreg died
 20185 | D:15     | Gained Koronagh as an ally
 20190 | D:15     | Found a staircase to the Depths.
 20190 | D:15     | Noticed a yaktaur captain
 20196 | D:15     | Killed a yaktaur captain
 20197 | D:15     | Reached XP level 14. HP: 36/126 MP: 22/22
 20651 | D:15     | Found a snail-covered altar of Cheibriados.
 21843 | Orc:1    | Entered Level 1 of the Orcish Mines
 22513 | Orc:2    | Entered Level 2 of the Orcish Mines
 22582 | Orc:2    | Gained Horkud as an ally
 23232 | Orc:2    | Paralysed by an orc sorcerer for 7 turns
 23255 | Orc:2    | Your ally Horkud died
 23280 | Orc:2    | HP: 4/127 [orc sorcerer/bolt of fire (20)]
 23915 | Orc:2    | Found a staircase to the Elven Halls.
 24271 | Orc:2    | Found Vosmog's General Store.
 24271 | Orc:2    | Found Honkip's Distillery.
 24273 | Orc:2    | Found Issair's Gadget Shoppe.
 24273 | Orc:2    | Found Vomnimir's Gadget Shop.
 24361 | Orc:1    | Noticed a stone giant
 24382 | Orc:1    | Killed a stone giant
 25095 | D:10     | Bought a glowing demon trident for 450 gold pieces
 25174 | Lair:1   | Entered Level 1 of the Lair of Beasts
 25313 | Lair:1   | Reached skill level 10 in Evocations
 26985 | Lair:2   | Reached ****** piety under Beogh
 27432 | Lair:2   | Reached XP level 15. HP: 113/134 MP: 23/23
 27643 | Lair:2   | Noticed Harold
 27658 | Lair:2   | Killed Harold
 27744 | Lair:2   | Reached skill level 13 in Fighting
 28172 | Lair:2   | Identified the Reference Book on Vitriolic Heat
 29399 | Lair:3   | Identified the Catalogue of Poisoning and Beguiling
 29835 | Lair:3   | Found a staircase to the Swamp.
 30130 | Lair:4   | Gained Orkrul as an ally
 30132 | Lair:4   | You are sucked into a shaft and drop 2 floors!
 30132 | Lair:6   | Entered Level 6 of the Lair of Beasts
 30332 | Lair:6   | Noticed Rupert
 30422 | Lair:6   | Noticed Urug
 30437 | Lair:6   | Killed Urug
 30461 | Lair:6   | Gained Bogmar as an ally
 30569 | Lair:6   | Got a heavily runed scale mail
 30580 | Lair:6   | Identified the +2 scale mail "Efrenuos" {*Slow rElec rN+
                  | Int+2} (You found it on level 6 of the Lair of Beasts)
 30691 | Lair:6   | Your ally Bogmar died
 31406 | Lair:6   | HP: 6/136 [lindwurm (2)]
 31407 | Lair:6   | Killed from afar by a lindwurm

Illustrated notes

Levels and vault maps discovered:
D:1:      tarquinn_simple_flora_water_e, layout_loops_cross,
          nemelex_diamond_rough_becter
D:2:      layout_rooms
D:3:      layout_basic
D:4:      layout_rooms, elyvilon_altar_4, serial_bayou, serial_bayou_ford_a,
          serial_bayou_crossing, serial_bayou_lagoon_b, serial_bayou_pond_a,
          hex_tiny
D:5:      gammafunk_wand_slinger, layout_loops_ring, minmay_temple_entry_trees,
          uniq_sigmund
D:6:      layout_rooms, serial_shops,
          nicolae_shop_temple_entry_statues_fountains, trog_ov_bears_minmay
D:7:      layout_basic, uniq_duvessa
D:8:      layout_loops_ring, kennysheep_mini, gammafunk_temple_overflow_wave,
          grunt_lair_entry_orc_guard_hut, basic_altar, trog_butcher_becter,
          uniq_maurice
D:9:      minmay_quarter_circles, layout_basic, grunt_gozag_statues,
          chequers_temple_overflow_statue_of_worship
D:10:     layout_cave_pods, enter_bailey_2, minmay_shop_grid_forest,
          minmay_fractal_squares_gapless_5, uniq_psyche
D:11:     layout_basic, orc_0_dummy, special_room [special_room_orc],
          basic_altar, uniq_josephine
D:12:     layout_stronghold, st_stairs_10, kb_rosetta
D:13:     layout_rooms, minmay_misc_feat_chi, uniq_sonja
D:14:     layout_roguey, david_vaults_2, chequers_serial_rivers_room_b,
          hangedman_abyss_or_decor_slice, grunt_dithmenos_smoke
D:15:     grunt_enter_depths_snipers, layout_gridville, lemuel_crystal_altar
Temple:   nicolae_temple_no_exploring_needed
Lair:1:   layout_gridlike, beast_lair_carwin_4, grunt_megastairs_5
Lair:2:   layout_small_grid, minivault_11, bobbens_dragon_lair_wall, uniq_harold
Lair:3:   layout_regular_city, palyth_hydra_swamp_entry, zaba_antful_of_joy,
          lemuel_fruit_tree, lemuel_fruit_fields
Lair:4:   layout_gridlike, dummy_snake_entry, enter_volcano_4,
          minmay_lair_oklob_bushes
Lair:6:   hangedman_lair_in_review, layout_layer_cave,
          hangedman_lair_caniforms_friends, dpeg_slime_entry_enclosed_altar,
          uniq_urug, uniq_rupert
Orc:1:    layout_diamond_mine, rock_pile
Orc:2:    grunt_orc_tribal_feast, layout_diamond_mine, lightli_orcish_oven

Skill      XL: |  1  2  3  4  5  6  7  8  9 10 11 12 13 14 15 |
---------------+----------------------------------------------+-----
Axes           | 3 4 5 6 7 9 10 11 | 11.6
Fighting       | 4 5 7 8 9 10 11 12 13 | 13.4
Armour         | 4 5 6 7 8 9 10 11 12 | 12.5
Shields        | 4 |  4.2
Dodging        | 1 2 3 4 5 6 7 8 9 |  9.2
Polearms       | 4 5 6 7 9 |  9.8
Invocations    | 4 6 8 9 10 11 12 | 12.8
Evocations     | 2 4 6 9 10 11 | 11.8
Crossbows      | 1 3 5 6 7 |  7.4

Action                   |  1- 3 |  4- 6 |  7- 9 | 10-12 | 13-15 || total
-------------------------+-------+-------+-------+-------+-------++-------
Melee: War axe           |   100 |   126 |   193 |    17 |       ||   436
       Spear             |       |       |   241 |   376 |   347 ||   964
       Battleaxe         |       |       |       |   151 |   364 ||   515
       Demon trident     |       |       |       |       |   946 ||   946
 Fire: Arbalest          |       |       |       |    27 |     5 ||    32
Throw: Javelin           |       |       |     5 |     4 |     1 ||    10
Invok: Convert to Beogh  |       |       |     1 |       |       ||     1
       Smiting           |       |       |       |     5 |     6 ||    11
Evoke: Wand              |       |       |     3 |    28 |    38 ||    69
       Lightning rod     |       |       |       |       |    10 ||    10
       Tin of tremorston |       |       |       |       |     3 ||     3
  Use: Potion            |       |     4 |     3 |     1 |    16 ||    24
       Scroll            |       |       |    12 |    10 |    11 ||    33
 Stab: Paralysed         |       |       |       |    36 |    69 ||   105
       Distracted        |       |       |       |     1 |     3 ||     4
       Invisible         |       |       |       |       |     1 ||     1
Armor: Scale mail        |    65 |    53 |   112 |       |   496 ||   726
       Chain mail        |       |       |    19 |    59 |       ||    78
       Plate armour      |       |       |       |   181 |   147 ||   328
Dodge: Dodged            |    45 |    43 |    96 |   152 |   878 ||  1214
Block: Kite shield       |    80 |    58 |   220 |   157 |       ||   515
       Reflection        |       |       |     9 |     3 |     6 ||    18
       Other             |       |       |       |    57 |   302 ||   359

Table legend: (Time is in decaauts)
 A = Elapsed time spent in this place.
 B = Non-inter-level travel time spent in this place.
 C = Inter-level travel time spent in this place.
 D = Time resting spent in this place.
 E = Time spent auto-exploring this place.
 F = Levels seen in this place.
 G = Mean time per level.
                   A        B        C        D        E       F      G
               +--------+--------+--------+--------+--------+-----+--------+
         Total |  31171 |  30129 |   1042 |   4836 |  19461 |  24 | 1298.8 |
       Dungeon |  19820 |  18915 |    905 |   2367 |  13157 |  15 | 1321.3 |
        Temple |      1 |      1 |      0 |      0 |      0 |   1 |    1.0 |
          Lair |   5989 |   5907 |     82 |    378 |   4078 |   5 | 1197.8 |
  Orcish Mines |   3099 |   3045 |     54 |    603 |   1926 |   2 | 1549.5 |
        Bailey |   2260 |   2260 |      0 |   1488 |    300 |   1 | 2260.0 |
               +--------+--------+--------+--------+--------+-----+--------+

Top non-repeatable levels by time:
  Bailey: 2260 daAuts
    D:12: 2181 daAuts
     D:9: 2114 daAuts
    D:15: 1919 daAuts
    D:11: 1820 daAuts
  Lair:2: 1689 daAuts
   Orc:1: 1622 daAuts
     D:8: 1585 daAuts
  Lair:3: 1558 daAuts
  Lair:1: 1507 daAuts
    D:13: 1502 daAuts
   Orc:2: 1477 daAuts
    D:14: 1225 daAuts
  Lair:6: 1213 daAuts
     D:4: 1123 daAuts
